 Dungeon Crawl Stone Soup version 0.29.1-12-g30fa7ad0bf (webtiles) character file.

Game seed: 13831246869879849103

2314 H0rd4k the Martial Artist (level 9, -3/62 HPs)
             Began as an Octopode Artificer on Dec 15, 2022.
             Was an Initiate of Gozag.
             Slain by a sky beast (6 damage)
             ... on level 7 of the Dungeon.
             The game lasted 00:09:42 (8877 turns).

H0rd4k the Martial Artist (Octopode Artificer)      Turns: 8877, Time: 00:09:43

Health: -3/62      AC:  1    Str: 12    XL:     9   Next: 41%
Magic:  25/25      EV: 13    Int: 17    God:    Gozag
Gold:   863        SH:  0    Dex: 12    Spells: 17/17 levels left

rFire   + + .      SeeInvis .     - Unarmed
rCold   . . .      Faith    .   (no shield)
rNeg    + . .      Spirit   .   (helmet restricted)
rPois   .          Reflect  .   (no amulet)
rElec   .          Harm     .   i - ring of protection from fire
rCorr   .          Rampage  .   o - ring of positive energy
Will    +....                   g - ring of willpower
Stlth   +++.......              d - ring of magical power
HPRegen 0.20/turn               C - ring of protection from fire
MPRegen 0.19/turn               (no ring)
                                (no ring)
                                (no ring)

@: about to teleport
A: almost no armour, amphibious, 8 rings, camouflage 1, gelatinous body 1,
(nimble swimmer 1), tentacles
a: Renounce Religion, Potion Petition, Call Merchant, Bribe Branch


You were on level 7 of the Dungeon.
You worshipped Gozag.
Gozag was pleased with you.
You visited 1 branch of the dungeon, and saw 9 of its levels.

You collected 917 gold pieces.
You paid 54 gold pieces to Gozag.

Inventory:

Missiles
 t - 13 poisoned darts (quivered)
Magical Staves
 a - a staff of conjuration
Jewellery
 d - a ring of magical power (on tentacle)
 g - a ring of willpower (on tentacle)
 i - a ring of protection from fire (left tentacle)
 o - a ring of positive energy (right tentacle)
 C - a ring of protection from fire (on tentacle)
Wands
 c - a wand of roots (4)
Scrolls
 b - 2 scrolls of torment {unknown}
 j - 2 scrolls of teleportation
 l - 3 scrolls of magic mapping
 m - 3 scrolls of vulnerability
 p - 2 scrolls of blinking
 q - a scroll of silence
 s - a scroll of immolation
 v - a scroll of fear
 x - a scroll of identify
 y - a scroll of fog {unknown}
Potions
 e - 3 potions of curing
 h - a potion of magic {unknown}
 k - 2 potions of ambrosia {unknown}
 n - a potion of might {unknown}
 r - a potion of mutation {unknown}
 w - a potion of resistance {unknown}
 z - a potion of cancellation {unknown}
 A - a potion of lignification {unknown}
 B - a potion of attraction {unknown}


   Skills:
 * Level 5.9 Fighting
 + Level 2.2 Throwing
 - Level 2.3 Dodging
 - Level 1.3 Stealth
 + Level 8.9 Unarmed Combat
 * Level 4.7 Spellcasting
 - Level 3.2 Evocations


You had 17 spell levels left.
You didn't know any spells.
Your spell library contained the following spells:

 Spells                   Type           Power      Damage    Failure   Level
 Ensorcelled Hibernation  Hex/Ice        6%         N/A       22%         2
 Passwall                 Tmut/Erth      2%         N/A       22%         2
 Sublimation of Blood     Necr           3%         N/A       22%         2
 Wereblood                Tmut           3%         N/A       22%         2
 Dazzling Flash           Conj/Hex       6%         N/A       41%         3
 Ignite Poison            Fire/Tmut/Pois 3%         N/A       41%         3
 Mephitic Cloud           Conj/Pois/Air  3%         N/A       41%         3
 Spider Form              Tmut/Pois      3%         N/A       41%         3
 Swiftness                Air            3%         N/A       41%         3
 Anguish                  Hex/Necr       1%         N/A       82%         4
 Iskenderun's Mystic Bla  Conj/Tloc      3%         2d3       82%         4
 Freezing Cloud           Conj/Ice/Air   1%         6-21      99%         5
 Starburst                Conj/Fire      1%         6d3       100%        6
 Summon Hydra             Summ           1%         N/A       100%        7


Dungeon Overview and Level Annotations

Branches:
Dungeon (9/15)             Temple (0/1) D:5
   Lair: D:8-11         Orc: D:9-12

Altars:
Gozag
Uskayaw
Xom

Shops:
D:3 (   D:8 !

Annotations:
D:1 exclusion: downstairs
D:4 exclusion: downstairs
D:6 exclusion: steam dragon


Innate Abilities, Weirdness & Mutations

You cannot wear most types of armour.
You are amphibious.
You can wear up to eight rings at the same time.
Your skin changes colour to match your surroundings (Stealth+).
Your rubbery body absorbs attacks. (AC +1, EV +1)
((You are camouflaged when in or above water. (Stealth+)))
You have tentacles for arms and can constrict up to eight enemies at once.


Message History

There is an open door here.
Something hits you. Something shocks you. Something hits you.
Something shocks you. Something hits you. Something shocks you.
Aiming: Fastroot
Press: ? - help, Shift-Dir - straight line The roots erupt in riotous growth!
Something hits you. Something shocks you.
Unknown command.
Something hits you. Something shocks you.
* * * LOW HITPOINT WARNING * * *
Something hits you.
* * * LOW HITPOINT WARNING * * *
Something shocks you.
* * * LOW HITPOINT WARNING * * *
A sky beast appears from thin air!
Reactivating autopickup.
You feel much better. The sky beast hits you. The sky beast shocks you.
You barely miss the sky beast.
Your tentacle-slap misses the sky beast.
You squeeze the sky beast.
The sky beast is lightly wounded.
The sky beast flickers out of sight!
Deactivating autopickup; reactivate with Ctrl-A.
Something hits you.
* * * LOW HITPOINT WARNING * * *
Something shocks you.
* * * LOW HITPOINT WARNING * * *
A sky beast appears from thin air!
Reactivating autopickup.
Okay, then.
As you read the scroll of teleportation, it crumbles to dust.
You feel strangely unstable. The sky beast hits you.
* * * LOW HITPOINT WARNING * * *
The sky beast shocks you.
* * * LOW HITPOINT WARNING * * *
The sky beast attacks as you move away! The sky beast hits you.
* * * LOW HITPOINT WARNING * * *
The sky beast shocks you.
You die...
Your body crumbles into a pile of gold.

# #.#.# #.#
..#.##.#.###.###
........>......#
.#..........#+##
#####..##.....#
#.......#.~...#
#.###...#.~...#
#.......#.Y...#
######..#.@...#
#....<...#
#.##.....#
#..'.....#
#..#.....#
#..####### #..#
#######..#
.........#


You could see a sky beast.

Vanquished Creatures
  An orc warrior (D:6)
  A water moccasin (D:6)
  3 ogres
  A phantom (D:5)
  2 kobold brigands
  A bullfrog (D:6)
  A necrophage (D:5)
  5 scorpions
  6 wights (D:7)
  A jelly (D:6)
  2 hounds
  2 orc priests
  An iguana (D:6)
  4 orc wizards
  3 gnolls (D:3)
  8 adders
  A shadow imp (D:6)
  An ufetubus (D:4)
  A worm (D:4)
  2 dart slugs
  16 orcs
  10 endoplasms
  4 giant cockroaches
  8 goblins
  7 hobgoblins
  5 jackals
  3 quokkas
  8 ball pythons
  7 bats
  3 frilled lizards
  17 kobolds
  5 rats
140 creatures vanquished.

Vanquished Creatures (collateral kills)
  Sigmund (D:5)
  A phantom (D:6)
  A wight (D:7)
  A jelly (D:5)
  An orc wizard (D:6)
  A worm (D:5)
  2 orcs (D:6)
  A bat (D:2)
  A kobold (D:6)
10 creatures vanquished.

Vanquished Creatures (others)
  An ice beast (D:5)
  A wight (D:7)
  A jelly (D:5)
  A hound (D:5)
  An orc priest (D:3)
  An orc wizard (D:3)
  An orc (D:6)
7 creatures vanquished.

Grand Total: 157 creatures vanquished

Notes
Turn   | Place    | Note
-------+----------+-------------------------------------------
     0 | D:1      | H0rd4k the Octopode Artificer began the quest for the Orb.
     0 | D:1      | Reached XP level 1. HP: 13/13 MP: 1/1
   313 | D:1      | Reached XP level 2. HP: 10/18 MP: 2/2
   949 | D:1      | Reached skill level 1 in Spellcasting
  1304 | D:1      | Reached skill level 1 in Unarmed Combat
  1304 | D:1      | Reached XP level 3. HP: 24/24 MP: 4/4
  1527 | D:2      | HP: 1/24 [poisoned by an adder]
  2169 | D:2      | Reached XP level 4. HP: 30/30 MP: 6/6
  2482 | D:3      | Found Siwkiysu's Antique Weapon Shoppe.
  2500 | D:3      | Reached skill level 2 in Unarmed Combat
  2526 | D:3      | HP: 1/30 [orc wizard/magic dart (10)]
  2907 | D:3      | Reached XP level 5. HP: 35/35 MP: 7/7
  3095 | D:3      | Reached skill level 3 in Unarmed Combat
  4209 | D:4      | Found an opulent altar of Gozag.
  4234 | D:4      | Became a worshipper of Gozag Ym Sagoz the Greedy
  4282 | D:4      | Reached XP level 6. HP: 16/42 MP: 9/9
  4691 | D:4      | Reached skill level 4 in Unarmed Combat
  4967 | D:4      | Reached XP level 7. HP: 47/47 MP: 9/11
  5362 | D:5      | Entered Level 5 of the Dungeon
  5378 | D:5      | Reached skill level 5 in Unarmed Combat
  5648 | D:5      | Noticed Sigmund
  5825 | D:5      | Killed Sigmund
  5826 | D:5      | Reached skill level 6 in Unarmed Combat
  5826 | D:5      | Reached XP level 8. HP: 32/54 MP: 12/12
  6192 | D:5      | Reached skill level 5 in Fighting
  6247 | D:5      | Found a hide-covered altar of Uskayaw.
  6250 | D:5      | Found a staircase to the Ecumenical Temple.
  6550 | D:6      | You fall into a shaft and drop 3 floors!
  6573 | D:9      | Noticed a yak
  6605 | D:8      | Found Uduc's Distillery.
  6655 | D:8      | Reached skill level 7 in Unarmed Combat
  7242 | D:6      | Reached skill level 1 in Throwing
  7352 | D:6      | Reached skill level 8 in Unarmed Combat
  7352 | D:6      | Reached XP level 9. HP: 49/61 MP: 15/15
  7508 | D:6      | Found a shimmering altar of Xom.
  8877 | D:7      | HP: 3/62 [sky beast (4)]
  8877 | D:7      | Slain by a sky beast

Illustrated notes

Levels and vault maps discovered:
D:1:      heliophobic_arrival_battle_scene, layout_rooms
D:2:      layout_rooms
D:3:      minmay_wonky_spiral, layout_loops_ring, serial_shops,
          nicolae_shop_temple_entry_statues_fountains
D:4:      layout_cave_pools, nicolae_gozag_seed_capital, minmay_diced_spiral
D:5:      layout_rooms, kennysheep_mini, minmay_temple_entry_slanted,
          uniq_sigmund
D:6:      layout_basic, mainiacjoe_overflow_six_doors_small, hex_intersection,
          minmay_misc_feat_secret_circle
D:7:      layout_basic, nemelex_diamond_rough_becter
D:8:      layout_loops_cross, mainiacjoe_overflow_brackets, serial_shops,
          nicolae_shop_waterfront, nicolae_shop_hallway_stairs, uniq_maggie
D:9:      layout_loops_ring, dpeg_oklobed_lair, uniq_maurice, uniq_gastronok

Skill      XL: |  1  2  3  4  5  6  7  8  9 |
---------------+----------------------------+-----
Spellcasting   | 1 2 3 4 |  4.7
Fighting       | 2 3 4 5 |  5.9
Unarmed Combat | 1 2 3 4 6 8 |  8.9
Throwing       | 1 2 |  2.2
Dodging        | |  2.3
Stealth        | |  1.3
Evocations     | |  3.2

Action                   |  1- 3 |  4- 6 |  7- 9 || total
-------------------------+-------+-------+-------++-------
Melee: Unarmed           |   105 |   136 |   163 ||   404
       Constrict         |    26 |    32 |    44 ||   102
       Tentacles         |    22 |    34 |    50 ||   106
       Punch             |     1 |     4 |     8 ||    13
Throw: Dart              |       |       |    21 ||    21
Evoke: Wand              |     3 |    15 |    21 ||    39
  Use: Potion            |     1 |     1 |     2 ||     4
       Scroll            |       |       |    11 ||    11
 Stab: Sleeping          |     7 |     4 |     3 ||    14
       Paralysed         |       |       |     6 ||     6
       Distracted        |       |       |     1 ||     1
Armor: Skin              |    17 |     5 |     7 ||    29
Dodge: Dodged            |    76 |    66 |    78 ||   220
